 Dungeon Crawl Stone Soup version 0.21-a0-153-g78480df (webtiles) character file.

96 AverageBear the Cutter (level 4, -6/27 HPs)
             Began as a Deep Elf Fighter on Aug 1, 2017.
             Mangled by Crazy Yiuf
             ... wielding a +2 quarterstaff of chaos
              (14 damage)
             ... on level 2 of the Dungeon.
             The game lasted 00:02:06 (1832 turns).

AverageBear the Cutter (Deep Elf Fighter)           Turns: 1832, Time: 00:02:07

Health: -6/27      AC:  6    Str: 19    XL:     4   Next: 41%
Magic:  6/6        EV: 10    Int: 13    God:
Gold:   103        SH:  4    Dex: 14    Spells: 3/3 levels left

rFire    . . .     SeeInvis .   a - +0 rapier
rCold    . . .     Gourm    .   n - +0 buckler
rNeg     . . .     Faith    .   b - +0 scale mail
rPois    .         Spirit   .   (no helmet)
rElec    .         Reflect  .   (no cloak)
rCorr    .         Harm     .   (no gloves)
MR       .....                  (no boots)
Stlth    ..........             (no amulet)
HPRegen  0.09/turn              l - +1 ring of evasion
MPRegen  0.10/turn              (no ring)

@: mighty
A: no striking features
a: no special abilities


You were on level 2 of the Dungeon.
You were not hungry.

You visited 1 branch of the dungeon, and saw 2 of its levels.

You collected 103 gold pieces.

Inventory:

Hand Weapons
 a - a +0 rapier (weapon)
 p - a +0 dagger of speed
Armour
 b - a +0 scale mail (worn)
 c - a +0 shield
 n - a +0 buckler (worn)
Jewellery
 l - a +1 ring of evasion (left hand)
 o - an uncursed ring of flight {unknown}
 u - an uncursed ring of wizardry {unknown}
Wands
 m - a wand of digging (9/24)
 r - a wand of random effects (26/48)
Scrolls
 s - 2 scrolls of remove curse
 t - a scroll of noise {unknown}
 v - a scroll of magic mapping {unknown}
Potions
 e - a potion of heal wounds
 h - a potion of brilliance
 j - a potion of mutation {unknown}
Comestibles
 f - 2 bread rations
 g - a meat ration
 i - 2 royal jellies
 q - a fruit


   Skills:
 - Level 2.4 Fighting
 + Level 4.7 Short Blades
 - Level 2.4 Armour
 - Level 2.4 Shields


You had 3 spell levels left.
You didn't know any spells.

Dungeon Overview and Level Annotations

Branches:
Dungeon (2/15)

Altars:
Nemelex Xobeh
Xom

Annotations:
D:2 Crazy Yiuf


Message History

No target in view!
Partly explored, unopened runed door.
No target in view!
You feel very mighty all of a sudden.
You open the door.
Crazy Yiuf the Enlightened comes into view.
He is wielding a quarterstaff of chaos.
Crazy Yiuf shouts!
Found a mace.
There is an open door here.
Crazy Yiuf waves his quarterstaff at you.
Crazy Yiuf hits you with a quarterstaff of chaos!
Crazy Yiuf burns you.
You barely miss Crazy Yiuf. You block Crazy Yiuf's attack.
You puncture Crazy Yiuf!
Crazy Yiuf is heavily wounded.
Crazy Yiuf hits you with a quarterstaff of chaos!
* * * LOW HITPOINT WARNING * * *
Space warps horribly around you!
Ouch! That really hurt!
You die...

...#...........(.........#..#####
.....#####.......#######.##.#....
...### ##.#.#### #.##.#.### ...#
##### ####...# #### ##..#
############ ♣♣♣♣♣###..#
...........# #####♣♣♣.♣.......#
############ #...#♣..♣...)...##
#.g@'.♣♣♣♣)♣....# #)..#♣♣
♣♣....## ##### ♣♣####


You could see Crazy Yiuf.

Vanquished Creatures
  Jessica (D:2)
  An adder (D:2)
  A dart slug (D:1)
  12 bats
  3 giant cockroaches
  5 goblins
  5 hobgoblins
  13 jackals
  2 kobolds
  4 frilled lizards
  5 rats (D:1)
52 creatures vanquished.

Vanquished Creatures (others)
  A giant cockroach (D:2)
1 creature vanquished.

Grand Total: 53 creatures vanquished

Notes
Turn   | Place    | Note
-------+----------+-------------------------------------------
     0 | D:1      | AverageBear the Deep Elf Fighter began the quest for the Orb.
     0 | D:1      | Reached XP level 1. HP: 13/13 MP: 3/3
    78 | D:1      | Reached XP level 2. HP: 11/18 MP: 4/4
   258 | D:1      | Reached skill level 3 in Short Blades
   340 | D:1      | Reached XP level 3. HP: 15/22 MP: 5/5
   944 | D:2      | Reached skill level 4 in Short Blades
  1281 | D:2      | Found a shimmering altar of Xom.
  1332 | D:2      | Found a runed door.
  1419 | D:2      | Noticed Jessica
  1425 | D:2      | Reached XP level 4. HP: 19/27 MP: 6/6
  1444 | D:2      | Killed Jessica
  1697 | D:2      | Found a sparkling altar of Nemelex Xobeh.
  1828 | D:2      | Noticed Crazy Yiuf
  1832 | D:2      | Mangled by Crazy Yiuf

Vault maps used:
D:1:      dpeg_arrival_prison, minivault_26
D:2:      lemuel_doored_altar, nemelex_altar_shiori, first_bread,
          minmay_heptomino_l4, uniq_crazy_yiuf_cottage, uniq_jessica

Skill      XL: |  1  2  3 |
---------------+----------+-----
Short Blades   | 3 4 |  4.7
Fighting       | |  2.4
Armour         | |  2.4
Shields        | |  2.4

Action                   |  1- 3 |  4- 6 || total
-------------------------+-------+-------++-------
Melee: Rapier            |   181 |    14 ||   195
       Dagger            |    14 |       ||    14
  Use: Scroll            |     6 |       ||     6
       Potion            |     1 |     2 ||     3
  Eat: Chunk             |     2 |     1 ||     3
Armor: Scale mail        |   106 |     1 ||   107
Dodge: Dodged            |    98 |     3 ||   101
Block: Shield            |    33 |       ||    33
       Buckler           |    37 |     2 ||    39
